 Dungeon Crawl Stone Soup version 0.30-a0-723-gc1506a1cf0 (webtiles) character file.

Game seed: 4252510644340070539

88737 tkbsonic5 the Geomancer (level 16, -9/132 HPs)
             Began as a Meteoran Earth Elementalist on Jan 22, 2023.
             Was a High Priest of Nemelex Xobeh.
             Shot with a sling bullet by a faun (15 damage)
             ... on level 3 of the Shoals on Jan 28, 2023.
             The game lasted 03:01:03 (12586 turns).

tkbsonic5 the Geomancer (MeEE)                     Turns: 12586, Time: 03:01:03

Health: -9/132     AC: 12    Str: 12    XL:     16   Next: 96%
Magic:  24/32      EV:  8    Int: 35    God:    Nemelex Xobeh [*****.]
Gold:   1565       SH:  0    Dex: 18    Spells: 1/38 levels left

rFire   . . .      SeeInvis .    f - staff of earth {"Geomancer Alara"}
rCold   . . .      Faith    .    (no shield)
rNeg    . . .      Spirit   .    r - +2 robe {Archmagi}
rPois   .          Reflect  .    g - +1 helmet
rElec   .          Harm     .    p - +2 cloak
rCorr   .          Rampage  .    j - +2 pair of gloves {Str+3}
Will    +....      Archmagi +    (no boots)
Stlth   +                        W - amulet of magic regeneration
HPRegen 0.42/turn                H - +6 ring of intelligence
MPRegen 0.63/turn                S - +6 ring of intelligence

@: weak-willed, flying (expiring), held, glowing
A: sense surroundings 2, otherworldly, glowing, explore regen
a: Renounce Religion, Draw Escape, Draw Destruction, Draw Summoning, Triple
Draw, Deal Four, Stack Five


You were on level 3 of the Shoals.
You worshipped Nemelex Xobeh.
Nemelex Xobeh was extremely pleased with you.
You visited 5 branches of the dungeon, and saw 26 of its levels.

You collected 2019 gold pieces.
You spent 454 gold pieces at shops.

Inventory:

Hand Weapons
 d - a +7 short sword of freezing
 q - a +0 whip of electrocution
 s - the +7 whip of Judgement {heavy, rN+ Dex+2}
   (You found it on level 6 of the Dungeon)

   Dex:       It affects your dexterity (+2).
   rN:        It protects you from negative energy.
 y - a +2 short sword of speed
 A - the +5 quarterstaff of Dullness {flame, Str+4 Dex+3}
   (You found it on level 2 of the Shoals)

   Str:       It affects your strength (+4).
   Dex:       It affects your dexterity (+3).
 B - a +1 dagger of electrocution
Missiles
 a - 2 boomerangs of dispersal
 b - a throwing net
 o - 27 poisoned darts
 x - 5 atropa-tipped darts
Armour
 g - a +1 helmet (worn)
 j - a +2 pair of gloves of strength (worn)
 p - a +2 cloak (worn)
 r - a +2 robe of the Archmagi (worn)
 K - the +2 leather armour of the Shining Light {rPois rC+ Str-5 Int+2}
   (You found it on level 1 of the Shoals)

   Str:       It affects your strength (-5).
   Int:       It affects your intelligence (+2).
   rC:        It protects you from cold.
   rPois:     It protects you from poison.
Magical Staves
 f - a staff of earth (weapon) {"Geomancer Alara"}
 h - a staff of conjuration
 L - a staff of cold {"Ice Witch Alara"}
Jewellery
 c - a ring of poison resistance
 i - a ring of protection from cold
 m - a ring of see invisible
 t - a +6 ring of strength
 u - a +4 ring of slaying
 D - an amulet of regeneration
 F - a ring of ice
 G - a ring of fire
 H - a +6 ring of intelligence (left hand)
 J - an amulet of the acrobat
 R - a ring of positive energy
 S - a +6 ring of intelligence (right hand)
 W - an amulet of magic regeneration (around neck)
Wands
 z - a wand of flame (4)
 C - a wand of iceblast (9)
 P - a wand of polymorph (7)
Scrolls
 n - a scroll of silence {unknown}
 v - 3 scrolls of identify
Potions
 e - a potion of heal wounds
 k - 2 potions of lignification
 l - 8 potions of curing
 w - 4 potions of flight
 M - a potion of might
 N - 3 potions of brilliance
 O - a potion of berserk rage
 X - 2 potions of resistance
Miscellaneous
 T - a tin of tremorstones (2/2)


   Skills:
 * Level 9.3 Fighting
 * Level 1.0 Short Blades
 + Level 0.7(1.4) Maces & Flails
 - Level 1.6(1.7) Staves
 + Level 6.7 Dodging
 - Level 2.1 Stealth
 * Level 11.8 Spellcasting
 * Level 11.2 Conjurations
 * Level 7.5 Hexes
 * Level 8.5 Necromancy
 * Level 10.0 Translocations
 * Level 11.4 Transmutations
 * Level 9.1 Ice Magic
 * Level 12.0 Earth Magic
 * Level 10.0 Invocations
 + Level 8.1 Evocations


You had one spell level left.
You knew the following spells:

 Your Spells              Type           Power      Damage    Failure   Level
a - Sandblast             Erth           100%       2d20      0%          1
b - Passwall              Tmut/Erth      100%       N/A       1%          2
c - Stone Arrow           Conj/Erth      100%       3d13      1%          3
d - Petrify               Tmut/Erth      100%       N/A       1%          4
e - Teleport Other        Tloc           95%        N/A       1%          3
f - Hailstorm             Conj/Ice       95%        3d19      1%          3
g - Gell's Gravitas       Tloc           95%        N/A       1%          3
h - Vampiric Draining     Necr           88%        2d12      1%          3
i - Dispersal             Tloc           47%        N/A       4%          6
j - Tukima's Dance        Hex            83%        N/A       1%          3
k - Simulacrum            Ice/Necr       44%        N/A       9%          6

Your spell library contained the following spells:

 Spells                   Type           Power      Damage    Failure   Level
 Freeze                   Ice            100%       1d10      1%          1
 Necrotise                Necr           100%       1d9       1%          1
 Slow                     Hex            100%       N/A       1%          1
 Ensorcelled Hibernation  Hex/Ice        100%       N/A       1%          2
 Confusing Touch          Hex            83%        N/A       1%          3
 Frozen Ramparts          Ice            100%       1d16      1%          3
 Portal Projectile        Hex/Tloc       100%       N/A       1%          3
 Ice Form                 Ice/Tmut       95%        N/A       1%          4
 Leda's Liquefaction      Hex/Erth       58%        N/A       1%          4
 Passage of Golubria      Tloc           95%        N/A       1%          4
 Agony                    Necr           88%        N/A       1%          5
 Blade Hands              Tmut           50%        N/A       1%          5
 Lee's Rapid Deconstruct  Erth           63%        3d29*     1%          5
 Metabolic Englaciation   Hex/Ice        43%        N/A       1%          5
 Statue Form              Tmut/Erth      82%        N/A       2%          6
 Swiftness                Air            31%        N/A       6%          3
 Silence                  Hex/Air        31%        N/A       12%         5
 Lehudib's Crystal Spear  Conj/Erth      62%        10d14     75%         8


Dungeon Overview and Level Annotations

Branches:
Dungeon (15/15) Zot: 206   Temple (0/1) D:5            Lair (5/5) D:11 Zot: 356
 Shoals (3/4) Lair:3 Zot: 1170     Orc (2/2) D:10 Zot: 326     Elf (1/3) Orc:2 Zot: 598
 Vaults (0/5) D:13
  Snake: Lair:2-3    Spider: Lair:2-3     Slime: Lair:4-5    Depths: D:15

Altars:
Ashenzari
Cheibriados
Dithmenos
Elyvilon
Makhleb
Nemelex Xobeh
Uskayaw
Xom
Yredelemnul

Shops:
D:2 ?   D:3 (   D:8 (*[   D:11 !

Portals:
Trove: D:11 (give 8 scrolls of blinking)
Ice
Cave: Orc:2

Annotations:
D:7 3 runed translucent doors, rddays123's ghost, novice MiFi
D:15 3 runed translucent doors, BubbleThief's ghost, journeyman BaIE; Ceh Rif's ghost, adept HuWn; Siaveam's ghost, adept DrFE
Lair:4 3 runed translucent doors, Iptanian's ghost, journeyman OpTm


Innate Abilities, Weirdness & Mutations

You passively map the area around you.
You are easily found by Zot.
You glow in the dark.
You regain HP and MP as you explore.


Message History

The sea snake bobs in the air for a moment!
Flickering shadows surround the harpy.
The harpy is drained!
You kill the harpy!
The harpy looks rather nauseous for a moment.
The harpy is poisoned.
Waves of light ripple over the merfolk's body.
The merfolk twists and deforms.
The air around the merfolk crackles with energy.
The merfolk seems to slow down.
The merfolk is blasted with searing flames!!
The faun is caught in a fiery explosion!
The faun lurches violently!
The faun's body twists unnaturally.
The faun twists and deforms.
Flames sear the faun!!
You feel a surge of magic.
You deal a card...
You have dealt Wild Magic.
Dim flames ripple over the harpy's body.
Frost covers the merfolk's body.
The merfolk convulses with pain.
The merfolk is drained!
The merfolk is blasted with searing flames.
The faun is briefly tinged with green.
The faun is poisoned.
The faun looks incredibly listless!
The faun is drained!
The faun shivers with cold.
You feel a surge of magic.
You deal a card...
You have dealt Vitriol.
Press: ? - help, Shift-Dir - straight line, f - sea snake
Aim: a sea snake (lightly wounded)
The glob of acid hits the sea snake!!
The sea snake is heavily wounded.
The deck of cards disappears without a trace.
The harpy claws you but does no damage. The harpy claws you.
* * * LOW HITPOINT WARNING * * *
The sea snake bites you!
* * * LOW HITPOINT WARNING * * *
The merfolk hits you but does no damage.
The faun shoots a sling bullet.
The sling bullet hits you but does no damage.
The faun unwields a +0 quarterstaff.
The faun wields a +0 sling.
The faun shoots a sling bullet.
The sling bullet hits you!
* * * LOW HITPOINT WARNING * * *
The faun shoots a sling bullet.
The sling bullet hits you!
You die...
Your body disappears without additional glow.

~~~~ ~, , , ~~~
≈≈~ccc..##.~~~~
≈≈~~~~.c...~~~~~~
~ ~ ~
≈~~~~~~~.~..~..~~~
~ ~ ~
~~..~........... ~
* ~
~~.....)...~..##.
, * ~
...........~.....,
.........~~~~~~. *
~ ~ ~~~
......~~@S~~~~~. ,
,.###....~m~~~~. *
...###.H.~~~~~~..
~
.......<.m~≈m~~..
* ,,~~~
.........~~≈≈~~~.
,,
....##..~~~≈≈~~~.
** ~ ,...
*##..~~~≈≈~~., *
..,* #?..~~≈≈≈~~,,
, ., ##..~~≈≈≈~ ~
~


You could see a sea snake, 3 merfolk, 4 fauns and a harpy (poisoned).

Vanquished Creatures
  Frances (D:14)
  Josephine (D:10)
  2 merfolk impalers
  2 hydras
  A fire dragon (Lair:4)
  2 ogre magi
  2 centaur warriors (D:13)
  A merfolk avatar (Shoals:2)
  A death knight (D:15)
  9 two-headed ogres
  A boulder beetle (D:11)
  A tengu warrior (D:15)
  9 death yaks
  An iron troll (Shoals:2)
  A skeletal warrior (D:15)
  A goliath frog (Lair:4)
  A sea snake (Shoals:1)
  Pikel (D:5)
  2 phantasmal warriors (D:15)
  An orc knight (D:15)
  2 harpies
  23 ugly things
  A necromancer (D:15)
  3 deep elf pyromancers
  3 fauns (Shoals:1)
  A salamander (Lair:3)
  3 manticores
  5 cyclopes
  2 merfolk sirens
  7 elephants
  A water nymph (shapeshifter) (D:15)
  A water nymph (Shoals:1)
  2 black mambas
  3 cane toads
  2 kobold demonologists (D:13)
  3 komodo dragons
  A freezing wraith (D:15)
  7 rime drakes
  2 yaktaurs (D:15)
  A tengu conjurer (D:14)
  4 trolls
  3 polar bears
  A meliai (shapeshifter) (D:13)
  2 wind drakes
  A tarantella (Lair:3)
  A dancing weapon (D:15)
  Grinder (D:6)
  7 blink frogs
  2 water elementals
  4 wraiths
  A shadow (D:12)
  3 slime creatures (D:12)
  48 yaks
  3 basilisks
  5 wyverns
  A fire bat (D:15)
  A death yak simulacrum (Orc:2)
  7 steam dragons
  5 vampire mosquitoes
  2 wargs (Orc:2)
  4 acid dragons
  9 water moccasins
  3 hell hounds (D:13)
  9 orc warriors
  2 sky beasts
  2 black bears
  An ice beast (D:7)
  11 ogres
  7 wolves
  5 centaurs
  3 phantoms (D:5)
  3 kobold brigands
  Blork the orc (D:6)
  A necrophage (D:6)
  5 bullfrogs
  2 water moccasin zombies (D:5)
  A scorpion (D:5)
  2 two-headed ogre simulacra (Orc:2)
  10 killer bees
  5 howler monkeys
  4 electric eels
  4 bullfrog zombies (D:5)
  A centaur zombie (D:5)
  4 hounds
  9 orc priests
  A bullfrog skeleton (D:5)
  2 gnoll boudas
  3 jellies
  2 iguanas
  23 orc wizards
  A polar bear simulacrum (Orc:2)
  A scorpion zombie (D:5)
  A wolf simulacrum (Orc:2)
  2 spriggan simulacra (Orc:2)
  A troll simulacrum (Orc:2)
  A hound zombie (D:5)
  6 gnolls
  12 adders
  A shadow imp (D:5)
  A worm (D:3)
  56 orcs
  4 endoplasms
  3 giant cockroaches (D:2)
  4 goblins
  7 hobgoblins
  5 quokkas
  13 ball pythons
  5 bats
  A frilled lizard (D:2)
  17 kobolds
  3 rats
500 creatures vanquished.

Vanquished Creatures (collateral kills)
  A catoblepas (Shoals:2)
  An alligator snapping turtle (Shoals:1)
  A centaur warrior (Shoals:1)
  A two-headed ogre (D:11)
  5 death yaks
  Nergalle (D:11)
  2 sea snakes
  An orb spider (D:15)
  3 oklob plants (D:11)
  A faun (D:15)
  2 orc sorcerers
  2 ugly things (D:15)
  An apocalypse crab (Shoals:1)
  A gargoyle (D:12)
  A komodo dragon (Lair:1)
  2 rime drakes (Lair:2)
  A freezing wraith (D:14)
  A troll (Orc:1)
  A merfolk (Shoals:1)
  A tarantella (D:15)
  A wind drake (Shoals:1)
  A wyvern (Lair:1)
  6 yaks
  A steam dragon (Lair:2)
  A vampire mosquito (D:11)
  2 wargs (Orc:2)
  An acid dragon (D:11)
  5 orc warriors
  4 wolves (Lair:1)
  3 ogres
  2 orc priests (Orc:2)
  3 orc wizards
  A gnoll (Orc:2)
  11 orcs
72 creatures vanquished.

Vanquished Creatures (others)
  A moth of wrath (D:15)
  A dancing weapon (D:15)
  2 orcs (Orc:2)
  25 fungi
  63 plants
  9 withered plants
101 creatures vanquished.

Grand Total: 673 creatures vanquished

Notes
Turn   | Place    | Note
-------+----------+-------------------------------------------
     0 | D:1      | tkbsonic5 the Meteoran Earth Elementalist began the quest
                  | for the Orb.
     0 | D:1      | Reached XP level 1. HP: 14/14 MP: 5/5
    83 | D:1      | Reached XP level 2. HP: 19/20 MP: 2/6
   242 | D:1      | Learned a level 2 spell: Passwall
   316 | D:2      | Reached skill level 4 in Earth Magic
   329 | D:2      | Reached XP level 3. HP: 27/27 MP: 3/8
   340 | D:2      | Learned a level 3 spell: Stone Arrow
   345 | D:2      | Found Fifuim's Magic Scroll Boutique.
   367 | D:2      | Found a sparkling altar of Nemelex Xobeh.
   392 | D:2      | Became a worshipper of Nemelex Xobeh the Trickster
   665 | D:3      | Reached XP level 4. HP: 34/34 MP: 6/10
   668 | D:3      | Identified the +3 leather armour of Dim Light {Harm +Blink}
   776 | D:3      | Reached skill level 1 in Fighting
   798 | D:3      | Found Gus Sea's Antique Weapon Shop.
   876 | D:3      | Reached skill level 1 in Conjurations
   876 | D:3      | Reached XP level 5. HP: 29/40 MP: 8/11
   906 | D:3      | Reached * piety under Nemelex Xobeh
   988 | D:3      | Reached skill level 1 in Invocations
   990 | D:3      | Reached skill level 1 in Evocations
  1167 | D:4      | Received a gift from Nemelex Xobeh
  1314 | D:4      | Reached XP level 6. HP: 47/47 MP: 9/12
  1319 | D:4      | Learned a level 4 spell: Petrify
  1432 | D:4      | Identified a scroll of acquirement
  1432 | D:4      | Acquired a staff of earth
  1512 | D:4      | Found a burning altar of Makhleb.
  1803 | D:5      | Entered Level 5 of the Dungeon
  1812 | D:5      | Found a staircase to the Ecumenical Temple.
  1847 | D:5      | Reached skill level 5 in Earth Magic
  1849 | D:5      | Reached XP level 7. HP: 24/53 MP: 4/14
  1969 | D:5      | Reached XP level 8. HP: 61/61 MP: 6/16
  1983 | D:5      | Reached skill level 5 in Spellcasting
  2021 | D:5      | Reached skill level 6 in Earth Magic
  2034 | D:5      | Noticed Pikel
  2101 | D:5      | Killed Pikel
  2102 | D:5      | Reached skill level 5 in Transmutations
  2102 | D:5      | Gained mutation: You passively map the area around you.
                  | [Meteoran growth]
  2102 | D:5      | Reached XP level 9. HP: 69/69 MP: 6/19
  2248 | D:6      | Received a gift from Nemelex Xobeh
  2269 | D:6      | Found a basalt altar of Yredelemnul.
  2355 | D:6      | Reached skill level 5 in Conjurations
  2355 | D:6      | Noticed Blork the orc
  2359 | D:6      | Killed Blork the orc
  2381 | D:6      | Identified the +7 whip of Judgement {heavy, rN+ Dex+2}
  2389 | D:6      | Reached ** piety under Nemelex Xobeh
  2429 | D:6      | Learned a level 3 spell: Teleport Other
  2433 | D:6      | Learned a level 3 spell: Hailstorm
  2437 | D:6      | Learned a level 3 spell: Gell's Gravitas
  2555 | D:6      | Noticed Grinder
  2558 | D:6      | Killed Grinder
  2559 | D:6      | Reached skill level 1 in Translocations
  2559 | D:6      | Reached skill level 1 in Ice Magic
  2559 | D:6      | Reached skill level 7 in Earth Magic
  2652 | D:7      | Found a runed translucent gate.
  2653 | D:7      | Found a runed translucent gate.
  2654 | D:7      | Found a runed translucent gate.
  2655 | D:7      | Noticed rddays123's ghost (novice MiFi)
  2742 | D:7      | Found a broken altar of Ashenzari.
  2742 | D:7      | Found a snail-covered altar of Cheibriados.
  2776 | D:7      | Identified the +1 chain mail of Angoem {Str+3 Dex+5}
  2796 | D:7      | Received a gift from Nemelex Xobeh
  2809 | D:7      | Reached XP level 10. HP: 78/78 MP: 19/21
  2857 | D:7      | Learned a level 3 spell: Vampiric Draining
  3105 | D:8      | Found Ewoa's Antique Armour Shoppe.
  3107 | D:8      | Found Taehiet's Weapon Shoppe.
  3107 | D:8      | Found Niriotaamm's General Store.
  3111 | D:8      | Reached skill level 1 in Necromancy
  3120 | D:8      | Bought a scroll of enchant armour for 82 gold pieces
  3135 | D:8      | Bought a pair of glowing gloves for 232 gold pieces
  3356 | D:8      | Found a sand-covered staircase.
  3407 | D:8      | Found a white marble altar of Elyvilon.
  3483 | D:8      | Found a shadowy altar of Dithmenos.
  3526 | D:8      | Received a gift from Nemelex Xobeh
  3595 | D:8      | Noticed a deep elf pyromancer
  3597 | D:8      | Killed a deep elf pyromancer
  3598 | D:8      | Reached skill level 5 in Invocations
  3648 | D:9      | Reached *** piety under Nemelex Xobeh
  3722 | D:9      | Reached XP level 11. HP: 85/85 MP: 19/23
  3786 | D:9      | Noticed a two-headed ogre
  3800 | D:9      | Killed a two-headed ogre
  3801 | D:9      | Reached skill level 8 in Earth Magic
  3989 | D:9      | Learned a level 4 spell: Passage of Golubria
  4246 | D:9      | Received a gift from Nemelex Xobeh
  4344 | D:9      | Found a hide-covered altar of Uskayaw.
  4407 | D:10     | Entered Level 10 of the Dungeon
  4407 | D:10     | Found a staircase to the Orcish Mines.
  4431 | D:10     | Reached skill level 5 in Translocations
  4433 | D:10     | Reached skill level 5 in Evocations
  4686 | D:10     | Reached skill level 5 in Fighting
  4743 | D:10     | Noticed Josephine
  4749 | D:10     | Killed Josephine
  4787 | D:10     | Noticed a cyclops
  4794 | D:10     | Killed a cyclops
  4816 | D:11     | Reached **** piety under Nemelex Xobeh
  4819 | D:11     | Noticed a boulder beetle
  4843 | D:11     | Noticed Nergalle
  4845 | D:11     | Killed a boulder beetle
  4846 | D:11     | Reached skill level 5 in Ice Magic
  4846 | D:11     | Reached XP level 12. HP: 94/94 MP: 9/25
  4855 | D:11     | Killed Nergalle
  4859 | D:11     | Found a portal to a secret trove of treasure.
  4885 | D:11     | Noticed a two-headed ogre
  4888 | D:11     | Killed a two-headed ogre
  4955 | D:11     | Reached skill level 9 in Earth Magic
  5056 | D:11     | Found Daomueso's Distillery.
  5079 | D:11     | Bought a potion of might for 56 gold pieces
  5079 | D:11     | Bought a potion of curing for 42 gold pieces
  5079 | D:11     | Bought a potion of flight for 42 gold pieces
  5316 | D:12     | Learned a level 3 spell: Tukima's Dance
  5394 | D:12     | Reached skill level 1 in Hexes
  5441 | D:12     | Reached skill level 5 in Necromancy
  5662 | D:11     | Upgraded the game from 0.30-a0-711-gf4ac18a38d to
                  | 0.30-a0-715-gdb4ae3ece1
  5844 | D:11     | Found a staircase to the Lair.
  5851 | Lair:1   | Entered Level 1 of the Lair of Beasts
  5976 | Lair:1   | Received a gift from Nemelex Xobeh
  6011 | Lair:2   | Reached ***** piety under Nemelex Xobeh
  6071 | Lair:3   | Found a staircase to the Shoals.
  6081 | Lair:3   | Reached XP level 13. HP: 66/102 MP: 7/27
  6678 | Lair:2   | Reached skill level 10 in Earth Magic
  6752 | Lair:2   | You fall into a shaft and drop 1 floor!
  6969 | Lair:4   | Received a gift from Nemelex Xobeh
  7085 | Lair:4   | Received a gift from Nemelex Xobeh
  7136 | Lair:4   | Found a runed translucent gate.
  7136 | Lair:4   | Found a runed translucent gate.
  7136 | Lair:4   | Found a runed translucent gate.
  7136 | Lair:4   | Noticed Iptanian's ghost (journeyman OpTm)
  7243 | Lair:4   | Noticed a seven-headed hydra
  7248 | Lair:4   | Noticed a five-headed hydra
  7253 | Lair:4   | a seven-headed hydra changed into a goliath frog
  7253 | Lair:4   | a five-headed hydra changed into a fire dragon
  7253 | Lair:4   | Noticed a fire dragon
  7254 | Lair:4   | Reached skill level 10 in Spellcasting
  7254 | Lair:4   | Reached XP level 14. HP: 91/113 MP: 9/29
  7258 | Lair:4   | Killed a fire dragon
  7293 | Lair:4   | Identified the +0 trident of Uskayaw {heavy, rF+ Str+3
                  | Dex+3}
  7421 | Lair:5   | Entered Level 5 of the Lair of Beasts
  7521 | Lair:5   | Reached skill level 5 in Dodging
  7567 | Lair:5   | Learned a level 6 spell: Dispersal
  7678 | Lair:5   | Reached skill level 10 in Transmutations
  7693 | Lair:5   | Noticed a dire elephant
  7693 | Lair:5   | Noticed a dire elephant
  7693 | Lair:5   | Noticed a dire elephant
  7693 | Lair:5   | Noticed a dire elephant
  7727 | Lair:5   | Reached skill level 5 in Hexes
  7846 | Lair:5   | Received a gift from Nemelex Xobeh
  8254 | Orc:1    | Entered Level 1 of the Orcish Mines
  8258 | D:10     | Upgraded the game from 0.30-a0-715-gdb4ae3ece1 to
                  | 0.30-a0-719-gcc4359ea44
  8645 | D:13     | Identified the +0 plate armour of the Evening Star {MP+9}
  8824 | D:13     | Found a gate to the Vaults.
  8832 | D:13     | Reached skill level 10 in Conjurations
  8832 | D:13     | Reached XP level 15. HP: 121/121 MP: 18/30
  8930 | D:13     | Received a gift from Nemelex Xobeh
  9164 | D:13     | Reached skill level 11 in Earth Magic
  9615 | D:14     | Received a gift from Nemelex Xobeh
  9649 | D:14     | Found a shimmering altar of Xom.
  9650 | D:14     | Found a shimmering altar of Xom.
  9732 | D:15     | Entered Level 15 of the Dungeon
  9956 | D:15     | Received a gift from Nemelex Xobeh
  9973 | D:15     | Paralysed by an orc sorcerer for 2 turns
 10143 | D:15     | Received a gift from Nemelex Xobeh
 10213 | D:15     | Reached XP level 16. HP: 129/129 MP: 23/32
 10342 | D:15     | Identified the -1 trident "Tyqinuetyg" {freeze, rF+ rN+}
 10371 | D:15     | Found a runed translucent gate.
 10371 | D:15     | Found a runed translucent gate.
 10371 | D:15     | Found a runed translucent gate.
 10371 | D:15     | Noticed Ceh Rif's ghost (adept HuWn)
 10372 | D:15     | Received a gift from Nemelex Xobeh
 10372 | D:15     | Noticed BubbleThief's ghost (journeyman BaIE)
 10372 | D:15     | Noticed Siaveam's ghost (adept DrFE)
 10421 | D:15     | Learned a level 6 spell: Simulacrum
 10634 | D:14     | Noticed Frances
 10638 | D:14     | Killed Frances
 10699 | D:14     | Found a shimmering altar of Xom.
 10980 | Orc:1    | Received a gift from Nemelex Xobeh
 11082 | Orc:1    | Received a gift from Nemelex Xobeh
 11112 | Orc:2    | Entered Level 2 of the Orcish Mines
 11269 | Orc:2    | Found a frozen archway.
 11398 | Orc:2    | Reached ****** piety under Nemelex Xobeh
 11444 | Orc:2    | Found a staircase to the Elven Halls.
 11569 | Elf:1    | Entered Level 1 of the Elven Halls
 11569 | Elf:1    | Received a gift from Nemelex Xobeh
 11809 | Lair:1   | Reached skill level 1 in Staves
 12006 | Shoals:1 | Entered Level 1 of the Shoals
 12006 | Shoals:1 | Received a gift from Nemelex Xobeh
 12007 | Shoals:1 | Upgraded the game from 0.30-a0-719-gcc4359ea44 to
                  | 0.30-a0-723-gc1506a1cf0
 12158 | Shoals:1 | Identified the +2 leather armour of the Shining Light
                  | {rPois rC+ Str-5 Int+2}
 12275 | Shoals:2 | Noticed Polyphemus
 12277 | Shoals:2 | Identified the -1 long sword "Axkix" {flame, Dex+3}
 12300 | Shoals:2 | Reached skill level 10 in Invocations
 12303 | Shoals:2 | Reached skill level 12 in Earth Magic
 12357 | Shoals:2 | Reached skill level 10 in Translocations
 12480 | Shoals:1 | Received a gift from Nemelex Xobeh
 12524 | Shoals:2 | Polyphemus changed into Polyphemus the iron troll
 12524 | Shoals:2 | Noticed Polyphemus
 12525 | Shoals:2 | Reached skill level 1 in Short Blades
 12531 | Shoals:2 | Killed Polyphemus the iron troll
 12572 | Shoals:2 | Identified the +5 quarterstaff of Dullness {flame, Str+4
                  | Dex+3}
 12586 | Shoals:3 | HP: 6/132 [faun/sling bullet (11)]
 12586 | Shoals:3 | Shot with a sling bullet by a faun

Illustrated notes

Levels and vault maps discovered:
D:1:      lemuel_arrival_cross, layout_basic
D:2:      layout_rooms, basic_altar, serial_shops, shop,
          chequers_serial_rivers_micro_b
D:3:      layout_loops_ring, lemuel_round_altar, serial_shops, shop
D:4:      layout_loops_ring, mainiacjoe_overflow_alcove_1, minmay_snake_closets
D:5:      wad_crossroads, layout_basic, minmay_temple_entry_junction_2,
          serial_undead, serial_undead_b, serial_undead_d, serial_undead_b,
          serial_undead_e, serial_undead_e, serial_undead_a, serial_undead_c,
          serial_undead_d, serial_undead_a, serial_undead_f, minmay_checkerbox,
          uniq_pikel
D:6:      layout_loops_cross, mainiacjoe_overflow_cross_hatched,
          minmay_manual_mullet, uniq_grinder, uniq_blork_the_orc
D:7:      layout_rooms, gammafunk_temple_overflow_pools,
          gammafunk_ghost_nasty_kobolds
D:8:      cheibrodos_two_vegetables, layout_cave_pools, elyvilon_altar_4,
          nicolae_overflow_hidden_temple, lightli_ossuary_entry_decrepit_ruins,
          serial_shops, nicolae_shop_trees, shop, shop
D:9:      layout_basic, nicolae_uskayaw_suspiria
D:10:     layout_basic, orc_0_dummy, serial_curves, eino_curves_02,
          eino_curves_01, eino_tiny_chamber, lightli_minifort, uniq_josephine
D:11:     layout_cave_pools, dpeg_oklobed_lair, serial_shops, shop_coins,
          enter_trove_0, uniq_nergalle
D:12:     layout_gridville
D:13:     layout_long_grid, david_vaults_2, minmay_rotating_lava
D:14:     layout_basic, hellmonk_okawaru_the_only_friend_you_need,
          grunt_decor_junction, nicolae_benzene_ring, xom_redecorated,
          uniq_frances
D:15:     hangedman_depths_entry_civil_slaughter, layout_long_grid,
          gammafunk_ghost_cemetery, nicolae_water_bricks, minmay_librarian
Lair:1:   layout_cellular_growth, minivault_23
Lair:2:   layout_cave_pods, minmay_snake_entry_guardpost_large, special_room
          [special_room_bee], bobbens_dragon_lair_wall
Lair:3:   layout_cave_pods, minmay_shoals_entry_lonely_mermaid,
          infiniplex_staircase_pool_2
Lair:4:   beast_lair_carwin_large_3, layout_cave_pods, slime_entry_2,
          gammafunk_ghost_necromancy, grunt_megastairs_2
Lair:5:   due_jungle_book, layout_loops_ring
Shoals:1: layout_shoals, serial_shops, shop_coins,
          nicolae_shoals_abyss_on_the_beach
Shoals:2: layout_shoals, nicolae_shoals_lost_giant_pillars,
          nicolae_shoals_so_close, uniq_polyphemus
Shoals:3: layout_shoals
Orc:1:    layout_caves, nicolae_orc_bridge_out, lemuel_statue_altar
Orc:2:    st_orc_town, layout_caves, portal_ice_cave_entry_ice_simulacra,
          mines2_david
Elf:1:    layout_geoelf_diagonals, serial_shops, shop,
          nicolae_shop_advertising_works [nicolae_subvault_shop_adworks], shop,
          nicolae_take_the_stairs, shop, portal_desolation_entry_ruin,
          hangedman_elf_represent, uniq_nikola

Skill      XL: |  1  2  3  4  5  6  7  8  9 10 11 12 13 14 15 16 |
---------------+-------------------------------------------------+-----
Spellcasting   | 3 4 6 7 8 9 10 11 | 11.8
Earth Magic    | 4 5 6 7 8 9 10 11 12 | 12.0
Transmutations | 2 3 4 5 6 7 8 9 10 11 | 11.4
Fighting       | 1 2 3 4 5 6 7 8 9 |  9.3
Conjurations   | 1 2 3 4 5 6 7 8 9 10 11 | 11.2
Invocations    | 1 2 3 4 5 6 7 8 9 10 | 10.0
Evocations     | 1 2 3 4 5 6 7 8 |  8.1
Translocations | 2 4 5 6 7 8 9 10 | 10.0
Ice Magic      | 1 3 5 6 7 8 9 |  9.1
Necromancy     | 2 4 5 6 7 8 |  8.5
Dodging        | 3 4 5 6 |  6.7
Stealth        | 2 |  2.1
Hexes          | 1 4 5 6 7 |  7.5
Staves         | 1 |  1.6
Short Blades   | 1 |  1.0
Maces & Flails | |  0.7

Action                     |  1- 3 |  4- 6 |  7- 9 | 10-12 | 13-15 | 16-18 || total
---------------------------+-------+-------+-------+-------+-------+-------++-------
  Melee: Unarmed           |     1 |       |       |       |       |       ||     1
         Short sword       |     3 |     7 |    23 |     1 |    19 |     4 ||    57
         Spear             |       |     2 |       |       |       |       ||     2
         Staff             |       |       |     2 |     4 |     5 |     6 ||    17
         Punch             |       |       |     1 |       |       |       ||     1
         Dagger            |       |       |       |       |    10 |       ||    10
  Throw: Dart              |       |       |       |     4 |     3 |     5 ||    12
   Cast: Sandblast         |    39 |    58 |    43 |   149 |   174 |   164 ||   627
         Passwall          |     4 |     4 |     2 |    27 |     4 |       ||    41
         Stone Arrow       |       |     6 |    31 |    64 |   126 |    52 ||   279
         Gell's Gravitas   |       |       |       |     6 |    45 |    12 ||    63
         Petrify           |       |       |       |    23 |    23 |    18 ||    64
         Hailstorm         |       |       |       |     6 |    27 |     2 ||    35
         Teleport Other    |       |       |       |     5 |       |       ||     5
         Passage of Golubr |       |       |       |     3 |     3 |       ||     6
         Vampiric Draining |       |       |       |    10 |    19 |     2 ||    31
         Dispersal         |       |       |       |       |     5 |     5 ||    10
         Tukima's Dance    |       |       |       |       |     4 |     4 ||     8
         Simulacrum        |       |       |       |       |       |    56 ||    56
 Invoke: Draw Destruction  |       |       |       |    10 |    29 |    17 ||    56
         Draw Escape       |       |       |       |     5 |     6 |    12 ||    23
         Draw Summoning    |       |       |       |     5 |     6 |    12 ||    23
         Deal Four         |       |       |       |     2 |     3 |     5 ||    10
         Stack Five        |       |       |       |       |     1 |     1 ||     2
         Draw Stack        |       |       |       |       |       |    10 ||    10
  Evoke: Wand              |       |       |       |       |    58 |    14 ||    72
         Tin of tremorston |       |       |       |       |     3 |       ||     3
    Use: Scroll            |       |     6 |     3 |    14 |    15 |    10 ||    48
         Potion            |       |       |     1 |     4 |     2 |    14 ||    21
   Stab: Petrified         |       |       |       |     1 |    14 |     3 ||    18
         Petrifying        |       |       |       |       |     1 |       ||     1
         Paralysed         |       |       |       |       |     5 |       ||     5
 Armour: Robe              |     2 |     5 |    22 |    71 |    91 |   109 ||   300
         Skin              |       |       |     1 |       |       |       ||     1
  Dodge: Dodged            |    15 |    21 |    28 |    80 |   148 |   174 ||   466

Table legend: (Time is in decaauts)
 A = Elapsed time spent in this place.
 B = Non-inter-level travel time spent in this place.
 C = Inter-level travel time spent in this place.
 D = Time resting spent in this place.
 E = Time spent auto-exploring this place.
 F = Levels seen in this place.
 G = Mean time per level.
                   A        B        C        D        E       F      G
               +--------+--------+--------+--------+--------+-----+--------+
         Total |  12940 |  12416 |    524 |    327 |   3002 |  26 |  497.7 |
       Dungeon |   8793 |   8488 |    305 |    303 |   2662 |  15 |  586.2 |
          Lair |   2643 |   2487 |    156 |     24 |    154 |   5 |  528.6 |
        Shoals |    628 |    585 |     43 |      0 |    107 |   3 |  209.3 |
  Orcish Mines |    873 |    854 |     19 |      0 |     79 |   2 |  436.5 |
   Elven Halls |      1 |      1 |      0 |      0 |      0 |   1 |    1.0 |
               +--------+--------+--------+--------+--------+-----+--------+

Top non-repeatable levels by time:
    D:10: 878 daAuts
    D:15: 826 daAuts
     D:4: 819 daAuts
     D:9: 777 daAuts
  Lair:3: 727 daAuts
    D:11: 708 daAuts
    D:13: 704 daAuts
    D:14: 681 daAuts
     D:7: 604 daAuts
  Lair:5: 585 daAuts
    D:12: 496 daAuts
   Orc:2: 477 daAuts
     D:8: 477 daAuts
  Lair:4: 475 daAuts
  Lair:1: 434 daAuts
